 Dungeon Crawl Stone Soup version 0.30-a0-918-g0ff054e9dc (webtiles) character file.

Game seed: 18237113200866145788

108910 jasper the Black Belt (level 16, -10/131 HPs)
             Began as a Demonspawn Wanderer on Mar 20, 2023.
             Was a High Priest of Okawaru.
             Mangled by an alligator (35 damage)
             ... called by a spriggan druid
             ... on level 2 of the Swamp.
             The game lasted 00:46:01 (30633 turns).

jasper the Black Belt (Demonspawn Wanderer)        Turns: 30633, Time: 00:46:01

Health: -10/131    AC: 26    Str: 19    XL:     16   Next: 3%
Magic:  18/18      EV: 11    Int: 10    God:    Okawaru [*****.]
Gold:   1833       SH: 18    Dex: 22    Spells: 17/17 levels left

rFire   . . .      SeeInvis +      - Unarmed
rCold   + . .      Faith    .    z - +0 kite shield
rNeg    + . .      Spirit   .    G - +0 swamp dragon scales
rPois   +          Reflect  .    k - +2 helmet {SInv}
rElec   +          Rampage  .    Q - +0 cloak
rCorr   .                        (gloves unavailable)
Will    +....                    g - +1 pair of boots of Virtue {Str+3 Int-3 Dex+4 SInv}
Stlth   +                        Z - amulet of the acrobat
HPRegen 0.41/turn                M - ring of protection from cold
MPRegen 0.16/turn                N - ring of positive energy

@: no status effects
A: thin metallic scales 3, icemail 1, spiny 2, condensation shield, demonic
touch 3
a: Renounce Religion, Heroism, Finesse, Duel


You were on level 2 of the Swamp.
You worshipped Okawaru.
Okawaru was extremely pleased with you.
You visited 5 branches of the dungeon, and saw 25 of its levels.
You also visited: Sewer.

You collected 2193 gold pieces.
You spent 360 gold pieces at shops.

Inventory:

Missiles
 b - 23 poisoned darts
 i - 4 throwing nets
 m - 2 silver javelins
 q - 3 javelins
 H - 2 atropa-tipped darts
 Y - 11 boomerangs (quivered)
Armour
 g - the +1 pair of boots of Virtue (worn) {Str+3 Int-3 Dex+4 SInv}
   (You acquired it on level 1 of the Dungeon)

   Str:       It affects your strength (+3).
   Int:       It affects your intelligence (-3).
   Dex:       It affects your dexterity (+4).
   SInv:      It lets you see invisible.
 k - a +2 helmet of see invisible (worn)
 z - a +0 kite shield (worn)
 D - a +0 tower shield
 G - +0 swamp dragon scales (worn)
 Q - a +0 cloak (worn)
 X - +0 ice dragon scales
Jewellery
 c - a ring of see invisible
 p - a ring of poison resistance
 K - a ring of fire
 M - a ring of protection from cold (left hand)
 N - a ring of positive energy (right hand)
 Z - an amulet of the acrobat (around neck)
Wands
 h - a wand of flame (21)
 t - a wand of mindburst (2)
 u - a wand of acid (7)
 E - a wand of polymorph (1)
 F - a wand of roots (17)
 R - a wand of digging (9)
 T - a wand of paralysis (12)
Scrolls
 d - a scroll of poison
 j - 4 scrolls of blinking
 l - 3 scrolls of silence
 s - 16 scrolls of teleportation
 w - 4 scrolls of fear
 x - 2 scrolls of fog
 y - 2 scrolls of magic mapping
 C - 3 scrolls of immolation
 O - 2 scrolls of vulnerability
 U - 5 scrolls of enchant armour
Potions
 a - 3 potions of might
 e - a potion of resistance
 f - 4 potions of lignification
 n - 3 potions of flight
 o - a potion of ambrosia
 r - 4 potions of haste
 v - 11 potions of heal wounds
 A - a potion of invisibility
 B - 3 potions of cancellation
 I - 3 potions of mutation
 J - a potion of magic
 P - 4 potions of curing
 W - 4 potions of berserk rage
Miscellaneous
 V - a tin of tremorstones (1/2)


   Skills:
 + Level 13.3 Fighting
 - Level 3.5 Long Blades
 - Level 3.0 Throwing
 + Level 12.2 Armour
 - Level 2.7 Dodging
 + Level 11.6 Shields
 * Level 18.7 Unarmed Combat
 - Level 1.0 Spellcasting
 - Level 2.1 Necromancy
 - Level 3.0 Invocations


You had 17 spell levels left.
You didn't know any spells.
Your spell library contained the following spells:

 Spells                   Type           Power      Damage    Failure   Level
 Necrotise                Necr           16%        1d4       41%         1
 Apportation              Tloc           0%         N/A       71%         1
 Foxfire                  Conj/Fire      0%         2x1d4     71%         1
 Freeze                   Ice            0%         1d3       71%         1
 Slow                     Hex            0%         N/A       71%         1
 Vampiric Draining        Necr           4%         2d6       78%         3
 Lesser Beckoning         Tloc           0%         N/A       85%         2
 Passwall                 Tmut/Erth      0%         N/A       85%         2
 Confusing Touch          Hex            0%         N/A       97%         3
 Frozen Ramparts          Ice            0%         1d1       97%         3
 Gell's Gravitas          Tloc           0%         N/A       97%         3
 Hailstorm                Conj/Ice       0%         3d3       97%         3
 Kindle Blastsparks       Fire/Tloc/Air  0%         2d10      97%         3
 Teleport Other           Tloc           0%         N/A       97%         3
 Airstrike                Air            0%         2d(0-16)  100%        4
 Anguish                  Hex/Necr       1%         N/A       100%        4
 Fulminant Prism          Conj/Hex       0%         3d5       100%        4
 Iskenderun's Mystic Bla  Conj/Tloc      0%         2d3       100%        4
 Leda's Liquefaction      Hex/Erth       0%         N/A       100%        4
 Manifold Assault         Tloc           0%         N/A       100%        4
 Alistair's Intoxication  Tmut/Pois      0%         N/A       100%        5
 Fireball                 Conj/Fire      0%         3d3       100%        5
 Iskenderun's Battlesphe  Conj           0%         2d6       100%        5
 Lee's Rapid Deconstruct  Erth           0%         3d4*      100%        5
 Plasma Beam              Fire/Air       0%         2x1d11    100%        5
 Conjure Ball Lightning   Conj/Air       0%         3x3d6     100%        6
 Dispersal                Tloc           0%         N/A       100%        6
 Starburst                Conj/Fire      0%         6d3       100%        6
 Statue Form              Tmut/Erth      0%         N/A       100%        6
 Orb of Destruction       Conj           0%         9d5       100%        7
 Disjunction              Tloc           0%         N/A       100%        8
 Necromutation            Tmut/Necr      1%         N/A       100%        8
 Summon Small Mammal      Summ           Unusable   N/A       N/A         1
 Summon Lightning Spire   Summ/Air       Unusable   N/A       N/A         4

Dungeon Overview and Level Annotations

Branches:
Dungeon (15/15)            Temple (0/1) D:7            Lair (5/5) D:8
  Swamp (2/4) Lair:3        Snake (1/4) Lair:2        Slime (0/5) Lair:5
    Orc (2/2) D:11            Elf (0/3) Orc:2        Vaults (0/5) D:13
 Depths (0/4) D:15          Sewer (visited)

Altars:
Cheibriados
Dithmenos
Gozag
Kikubaaqudgha
Okawaru
Qazlal
Ru
Sif Muna
Uskayaw
Vehumet
Xom
Yredelemnul

Shops:
D:4 ?   Orc:2 [*=(

Portals:
Trove: D:11 (give +3 fire dragon scales)

Annotations:
Swamp:2 3 runed translucent doors, Enkazo Toplu's ghost, adept AtWr
Snake:1 2 transporters, exclusion: orange crystal statue, Rupert


Innate Abilities, Weirdness & Mutations

You are completely covered in thin metallic scales. (AC +4, rElec)
A meltable icy envelope protects you from harm. (AC +4)
You are mostly covered in sharp spines.
A meltable shield of frost defends you. (SH +4)
Your touch may irresistibly damage your foes and sap their willpower.


Message History

The alligator is moderately wounded.
You block the alligator's attack. The alligator completely misses you.
You hit the alligator but do no damage.
The alligator is moderately wounded.
You block the alligator's attack. The alligator tail-slaps you!
You take 8 damage, and have 100/131 hp.
You pummel the alligator!!
The alligator is heavily wounded.
You block the alligator's attack.
The alligator tail-slaps you but does no damage.
You pummel the death drake!!
The death drake is moderately wounded.
The death drake is struck by your spines.
The death drake bites you but does no damage.
The alligator bites you!! You block the alligator's attack.
You take 21 damage, and have 80/131 hp.
You hit the death drake but do no damage.
The death drake is moderately wounded.
The death drake bites you. You block the alligator's attack. x2
You take 1 damage, and have 79/131 hp.
You pummel the death drake!!
The death drake is severely wounded.
The death drake barely misses you. The alligator is struck by your spines.
The alligator bites you!! The alligator completely misses you.
You take 28 damage, and have 51/131 hp.
MASSIVE DAMAGE!!
You punch the death drake!
The death drake is almost dead.
You block the death drake's attack. The alligator bites you!!
* * * LOW HITPOINT WARNING * * *
You block the alligator's attack.
You take 27 damage, and have 24/131 hp.
MASSIVE DAMAGE!!
You pummel the death drake!!
You kill the death drake!
Okawaru accepts your kill.
The alligator bites you but does no damage.
The alligator tail-slaps you but does no damage.
You pummel the alligator!!
The alligator is severely wounded.
The alligator is struck by your spines. The alligator bites you!!
You die...

~~......~..~.♣♣♣♣~.~~~§~~.
....~~..§~.♣♣♣♣...........
........~.♣♣ ♣~~~......~~.
~~~.~~~§.§♣ ♣♣....~§~~~~.
~~~.~~~♣♣♣♣ ♣♣...~~~~~~.
.~~.>..♣ ♣♣.~~~~~~~~.
.....♣♣♣ ♣..~~~~~.~~.
.~♣~.♣ ♣♣.~t.~~~~.~~
♣♣♣♣♣♣ ♣~.@†..~§..~ ♣
♣.~..?..>.~§ ♣
♣.~~~.♣♣♣♣.~~ ♣.~~~.♣ ~..
...~~~~♣ ~ .....~.♣♣
~..~♣♣~♣. ♣♣~~ ♣~ .


You could see an alligator (strong, swift).

Vanquished Creatures
  Jorgrun (D:15)
  A fenstrider witch (Swamp:2)
  A stone giant (Orc:2)
  A dire elephant (D:15)
  Azrael (D:12)
  A bunyip (Swamp:2)
  The ghost of hikkokomori the Fighter, a journeyman BaHu of Hepliaklqana (Lair:1)
  3 ettins (Orc:2)
  A fire dragon (D:13)
  13 hydras
  5 centaur warriors
  A vault guard (D:13)
  Harold (Orc:2)
  Erolcha (Orc:2)
  6 catoblepae
  6 two-headed ogres
  Erica (D:9)
  2 boulder beetles
  6 death yaks (Lair:5)
  2 naga warriors (Snake:1)
  An alligator (Swamp:1)
  2 naga sharpshooters (Snake:1)
  A shock serpent (Snake:1)
  3 spriggans (Swamp:1)
  3 skeletal warriors (D:11)
  2 skysharks
  2 goliath frogs
  A swamp dragon (Swamp:2)
  A naga ritualist (Snake:1)
  A spriggan druid (Swamp:2)
  A death drake (Swamp:2)
  A harpy (shapeshifter) (D:13)
  A deep elf pyromancer (D:12)
  A mana viper (Snake:1)
  An orc sorcerer (Orc:2)
  An orc knight (D:14)
  17 ugly things
  A salamander (D:15)
  13 cyclopes
  A wolf spider (D:15)
  2 will-o-the-wisps (Swamp:1)
  9 manticores
  9 black mambas
  3 elephants (Lair:2)
  7 centaur zombies (D:11)
  2 gargoyles
  Maggie (D:6)
  11 cane toads
  Psyche (D:9)
  2 komodo dragons
  4 kobold demonologists
  An efreet (D:13)
  2 freezing wraiths
  A guardian mummy (D:11)
  12 rime drakes
  A tengu conjurer (D:14)
  3 trolls
  2 polar bears
  3 meliai (D:13)
  A wolf spider simulacrum (D:15)
  3 hornets (Swamp:1)
  3 tyrant leeches
  5 blink frogs (Lair:4)
  8 slime creatures
  A shadow (D:12)
  3 wraiths
  15 wyverns
  52 yaks
  2 vampires (D:11)
  Eustachio (D:5)
  2 fire elementals (D:12)
  8 basilisks
  A hog (shapeshifter) (D:14)
  6 vampire mosquitoes
  Edmund (D:6)
  8 nagas
  A warg (Orc:2)
  2 swamp worms
  An acid dragon (D:11)
  19 water moccasins
  A hydra simulacrum (Lair:1)
  5 hell hounds
  A swamp drake (Swamp:2)
  17 orc warriors
  4 ice beasts
  3 black bears
  A black bear (shapeshifter) (D:13)
  7 ogres
  5 wolves (Lair:5)
  8 centaurs
  7 kobold brigands
  A phantom (D:4)
  14 bullfrogs
  4 scorpions
  7 wights (D:7)
  3 cane toad simulacra (Lair:1)
  A blink frog simulacrum (Lair:1)
  10 killer bees
  An electric eel (Lair:3)
  A rime drake simulacrum (Lair:1)
  3 howler monkeys
  A jelly (D:5)
  2 gnoll boudas
  10 orc priests
  2 hounds (D:5)
  3 sleepcaps
  5 iguanas
  21 orc wizards
  10 hell rats
  A bullfrog simulacrum (Lair:1)
  Robin (D:2)
  3 gnolls (D:9)
  8 adders
  5 river rats (Sewer)
  A shadow imp (D:7)
  2 white imps
  2 worms (D:3)
  4 dart slugs
  48 orcs
  4 bats
  5 endoplasms
  6 giant cockroaches
  10 goblins
  3 hobgoblins
  2 jackals
  9 kobolds
  6 quokkas
  11 ball pythons
  9 frilled lizards
  7 rats
634 creatures vanquished.

Vanquished Creatures (others)
  A rime drake (Lair:1)
  2 bushes (D:15)
  13 foxfires (Swamp:1)
  52 fungi
  75 plants
  A withered plant (D:11)
144 creatures vanquished.

Grand Total: 778 creatures vanquished

Notes
Turn   | Place    | Note
-------+----------+-------------------------------------------
     0 | D:1      | jasper the Demonspawn Wanderer began the quest for the Orb.
     0 | D:1      | jasper set off with the following items: a +0 falchion, 11
                  | poisoned darts, a +0 dagger, a scroll of butterflies, a +0
                  | robe; and the following spell memorised: Necrotise; and the
                  | following spells available to memorise: Vampiric Draining,
                  | Anguish.
     0 | D:1      | Reached XP level 1. HP: 15/15 MP: 2/2
   357 | D:1      | Gained mutation: A meltable shield of frost defends you.
                  | (SH +4) [demonic ancestry]
   357 | D:1      | Reached XP level 2. HP: 15/21 MP: 3/3
   714 | D:1      | Identified a scroll of acquirement
   714 | D:1      | Acquired the +1 pair of boots of Virtue {Str+3 Int-3 Dex+4
                  | SInv}
   918 | D:2      | Gained mutation: Your touch may inflict minor irresistible
                  | damage on your foes. [demonic ancestry]
   918 | D:2      | Reached XP level 3. HP: 26/26 MP: 4/4
   918 | D:2      | Noticed Robin
   950 | D:2      | Killed Robin
   951 | D:2      | Reached skill level 1 in Armour
  1608 | D:3      | Found a glowing drain.
  1619 | D:3      | Gained mutation: Your touch may inflict irresistible damage
                  | on your foes. [demonic ancestry]
  1619 | D:3      | Reached XP level 4. HP: 33/33 MP: 5/5
  1630 | Sewer    | Entered a sewer
  1664 | Sewer    | Noticed a kobold brigand
  1683 | Sewer    | Killed a kobold brigand
  1684 | Sewer    | Reached skill level 1 in Unarmed Combat
  1684 | Sewer    | Gained mutation: Your touch may irresistibly damage your
                  | foes and sap their willpower. [demonic ancestry]
  1684 | Sewer    | Reached XP level 5. HP: 24/38 MP: 6/6
  1932 | Sewer    | Reached skill level 2 in Unarmed Combat
  2026 | Sewer    | Reached XP level 6. HP: 10/46 MP: 7/7
  2793 | D:3      | Identified the +2 trident "Kyohaupn" {speed, rCorr Str+3}
  3517 | D:4      | Reached skill level 3 in Unarmed Combat
  3570 | D:4      | Noticed a wyvern
  3577 | D:4      | Killed a wyvern
  3578 | D:4      | Gained mutation: You are partially covered in thin metallic
                  | scales. (AC +2) [demonic ancestry]
  3578 | D:4      | Reached XP level 7. HP: 42/52 MP: 8/8
  3674 | D:4      | Reached skill level 4 in Unarmed Combat
  3904 | D:4      | Found a shadowy altar of Dithmenos.
  3913 | D:4      | Found Sioziqua's Magic Scroll Shoppe.
  3922 | D:4      | Bought a scroll of fear for 44 gold pieces
  3922 | D:4      | Bought a scroll of fog for 44 gold pieces
  3922 | D:4      | Bought a scroll of teleportation for 33 gold pieces
  3922 | D:4      | Bought a scroll of identify for 22 gold pieces
  3922 | D:4      | Bought a scroll of identify for 22 gold pieces
  4198 | D:4      | Found a shimmering altar of Xom.
  4225 | D:4      | Found an iron altar of Okawaru.
  4228 | D:4      | Became a worshipper of Warmaster Okawaru
  4279 | D:5      | Entered Level 5 of the Dungeon
  4376 | D:5      | Found a stormy altar of Qazlal.
  4377 | D:5      | Noticed a water elemental
  4380 | D:5      | Noticed a fire elemental
  4380 | D:5      | Noticed an air elemental
  4515 | D:5      | Found a basalt altar of Yredelemnul.
  4541 | D:5      | Noticed Eustachio
  4562 | D:5      | Killed Eustachio
  4563 | D:5      | Reached skill level 5 in Unarmed Combat
  4563 | D:5      | Gained mutation: A meltable icy envelope protects you from
                  | harm. (AC +4) [demonic ancestry]
  4563 | D:5      | Reached XP level 8. HP: 61/61 MP: 9/9
  4586 | D:5      | Reached skill level 1 in Shields
  4656 | D:5      | Found a shimmering blue altar of Sif Muna.
  4787 | D:5      | Reached * piety under Okawaru
  5199 | D:5      | Reached skill level 1 in Invocations
  5609 | D:6      | Noticed Maggie
  5622 | D:6      | Noticed Edmund
  5627 | D:6      | Killed Maggie
  5627 | D:6      | Reached ** piety under Okawaru
  5628 | D:6      | Reached skill level 5 in Fighting
  5628 | D:6      | Reached skill level 6 in Unarmed Combat
  5645 | D:6      | Killed Edmund
  5646 | D:6      | Gained mutation: You are partially covered in sharp spines.
                  | [demonic ancestry]
  5646 | D:6      | Reached XP level 9. HP: 51/68 MP: 11/11
  5699 | D:6      | Found an ancient bone altar of Kikubaaqudgha.
  6180 | D:7      | Found a staircase to the Ecumenical Temple.
  6381 | D:7      | Found a snail-covered altar of Cheibriados.
  6392 | D:7      | Reached skill level 5 in Armour
  6529 | D:7      | Reached skill level 7 in Unarmed Combat
  7111 | D:8      | Reached *** piety under Okawaru
  7162 | D:8      | Found a staircase to the Lair.
  7181 | D:8      | Reached XP level 10. HP: 77/77 MP: 12/12
  7190 | D:8      | Reached skill level 8 in Unarmed Combat
  7280 | D:8      | Reached **** piety under Okawaru
  7814 | D:9      | Noticed a two-headed ogre
  7823 | D:9      | Killed a two-headed ogre
  8257 | D:9      | Noticed a +0 falchion
  8257 | D:9      | Noticed a +0 spear
  8257 | D:9      | Noticed a +0 short sword
  8257 | D:9      | Noticed a +0 short sword
  8258 | D:9      | Noticed a +0 dagger
  8258 | D:9      | Noticed a +0 spear
  8259 | D:9      | Noticed a +0 dagger
  8259 | D:9      | Noticed a +0 falchion
  8261 | D:9      | Found a hide-covered altar of Uskayaw.
  8334 | D:9      | Reached skill level 5 in Shields
  8335 | D:9      | Reached skill level 9 in Unarmed Combat
  8429 | D:9      | Found a radiant altar of Vehumet.
  8435 | D:9      | Noticed Erica
  8444 | D:9      | Noticed Psyche
  8472 | D:9      | Killed Erica
  8476 | D:9      | Killed Psyche
  8758 | D:9      | Found an opulent altar of Gozag.
  8850 | D:9      | Found a sacrificial altar of Ru.
  8921 | D:10     | Entered Level 10 of the Dungeon
  9133 | D:10     | Reached XP level 11. HP: 84/84 MP: 13/13
  9184 | D:10     | Noticed a boulder beetle
  9197 | D:10     | Killed a boulder beetle
  9379 | D:10     | Reached skill level 10 in Unarmed Combat
  9412 | D:10     | Reached ***** piety under Okawaru
  9512 | D:10     | Noticed a two-headed ogre
  9527 | D:10     | Killed a two-headed ogre
  9881 | D:11     | Found a staircase to the Orcish Mines.
 10345 | D:11     | Received a gift from Okawaru
 10704 | D:11     | Reached skill level 11 in Unarmed Combat
 10920 | D:11     | Found a portal to a secret trove of treasure.
 11018 | D:11     | Noticed a two-headed ogre
 11028 | D:11     | Killed a two-headed ogre
 11100 | D:11     | Noticed a skeletal warrior
 11116 | D:11     | Killed a skeletal warrior
 11117 | D:11     | Gained mutation: You are mostly covered in thin metallic
                  | scales. (AC +3) [demonic ancestry]
 11117 | D:11     | Reached XP level 12. HP: 77/94 MP: 12/14
 11193 | Lair:1   | Entered Level 1 of the Lair of Beasts
 11193 | Lair:1   | Found a runed translucent gate.
 11193 | Lair:1   | Found a runed translucent gate.
 11193 | Lair:1   | Found a runed translucent gate.
 11201 | Lair:1   | Noticed hikkokomori's ghost (journeyman BaHu)
 11506 | Lair:1   | Acquired a manual of Unarmed Combat
 11559 | Lair:1   | You fall into a shaft and drop 1 floor!
 11633 | Lair:2   | Found a staircase to the Snake Pit.
 11641 | Lair:2   | Noticed an eight-headed hydra
 11674 | Lair:2   | Killed an eight-headed hydra
 11899 | Lair:2   | Noticed a boulder beetle
 11939 | Lair:2   | Killed a boulder beetle
 11940 | Lair:2   | Reached skill level 12 in Unarmed Combat
 12391 | Lair:2   | Noticed a six-headed hydra
 12401 | Lair:2   | Killed a six-headed hydra
 12939 | Lair:3   | Reached skill level 13 in Unarmed Combat
 13219 | Lair:3   | Noticed a five-headed hydra
 13231 | Lair:3   | Killed a five-headed hydra
 13314 | Lair:3   | Received a gift from Okawaru
 13489 | Lair:3   | Found a staircase to the Swamp.
 13690 | Lair:3   | Reached skill level 10 in Fighting
 14184 | Lair:3   | Gained mutation: You are mostly covered in sharp spines.
                  | [demonic ancestry]
 14184 | Lair:3   | Reached XP level 13. HP: 88/103 MP: 15/15
 14544 | Lair:4   | Reached skill level 14 in Unarmed Combat
 14954 | Lair:4   | Got the Codex of Iron Evil Rites
 15042 | Lair:4   | Reached ****** piety under Okawaru
 15372 | Lair:4   | Received a gift from Okawaru
 15740 | Lair:1   | Killed hikkokomori's ghost
 15740 | Lair:1   | Received a gift from Okawaru
 15805 | Lair:1   | Got the ring of the Hippo {Fire Drain Int+6}
 15932 | Lair:1   | Reached skill level 15 in Unarmed Combat
 15973 | Lair:1   | Found an iron altar of Okawaru.
 16663 | Orc:1    | Entered Level 1 of the Orcish Mines
 17059 | Orc:2    | Entered Level 2 of the Orcish Mines
 17122 | Orc:2    | Noticed a stone giant
 17126 | Orc:2    | Found Kylaeb's General Store.
 17140 | Orc:2    | Killed a stone giant
 17275 | Orc:2    | Noticed an ettin
 17287 | Orc:2    | Killed an ettin
 17377 | Orc:2    | Reached skill level 10 in Armour
 17427 | Orc:2    | Found Tiwues's Antique Armour Emporium.
 17437 | Orc:2    | Bought a glowing helmet for 195 gold pieces
 17530 | Orc:2    | Noticed an ettin
 17545 | Orc:2    | Killed an ettin
 17682 | Orc:2    | Reached skill level 16 in Unarmed Combat
 18088 | Orc:2    | Noticed Erolcha
 18089 | Orc:2    | Noticed an ettin
 18097 | Orc:2    | Killed an ettin
 18100 | Orc:2    | Killed Erolcha
 18102 | Orc:2    | Found Axucaph's Jewellery Emporium.
 18188 | Orc:2    | Found a staircase to the Elven Halls.
 18218 | Orc:2    | Found Girucs's Antique Weapon Boutique.
 18470 | Orc:1    | Noticed Harold
 18496 | Orc:2    | Reached XP level 14. HP: 57/113 MP: 14/16
 18503 | Orc:2    | Killed Harold
 18879 | Lair:5   | Entered Level 5 of the Lair of Beasts
 19002 | Lair:5   | Received a gift from Okawaru
 19164 | Lair:5   | Found a staircase to the Slime Pits.
 19304 | Lair:5   | Identified the +0 pair of boots of Kuutruoqewn {rPois Str+3
                  | Stlth-} (Okawaru gifted it to you on level 5 of the Lair of
                  | Beasts)
 19304 | Lair:5   | Received a gift from Okawaru
 20558 | Lair:5   | Reached skill level 17 in Unarmed Combat
 20724 | Lair:5   | Reached skill level 10 in Shields
 21372 | D:11     | Identified the +4 flail of Corruption {venom, Contam rF++
                  | rN+}
 22299 | D:12     | Noticed Azrael
 22316 | D:12     | Killed Azrael
 23093 | D:13     | Identified the +2 plate armour of Circular Logic {rPois rF-
                  | Regen+ Str+3} (Okawaru gifted it to you on level 13 of the
                  | Dungeon)
 23093 | D:13     | Received a gift from Okawaru
 23715 | D:13     | Found a gate to the Vaults.
 23831 | D:14     | Reached XP level 15. HP: 121/121 MP: 17/17
 25914 | D:15     | Entered Level 15 of the Dungeon
 25929 | D:15     | Reached skill level 18 in Unarmed Combat
 26369 | D:15     | Received a gift from Okawaru
 26506 | D:15     | Found a staircase to the Depths.
 26952 | D:15     | Received a gift from Okawaru
 27277 | D:15     | Noticed Jorgrun
 27305 | D:15     | Killed Jorgrun
 27305 | D:15     | Identified the +3 ring mail of Going Fast {*Corrode +Blink
                  | Int+4} (Okawaru gifted it to you on level 15 of the
                  | Dungeon)
 27305 | D:15     | Received a gift from Okawaru
 28014 | Snake:1  | Entered Level 1 of the Snake Pit
 28101 | Snake:1  | Found a transporter.
 28307 | Snake:1  | Found a transporter.
 28559 | Snake:1  | Noticed Rupert
 28560 | Snake:1  | HP: 4/123 [salamander/+0 halberd (11)]
 28896 | Swamp:1  | Entered Level 1 of the Swamp
 30124 | Swamp:2  | Identified the +2 ring mail of the Ward {Int+6}
 30324 | Swamp:2  | Found a runed translucent gate.
 30324 | Swamp:2  | Found a runed translucent gate.
 30324 | Swamp:2  | Found a runed translucent gate.
 30325 | Swamp:2  | Noticed Enkazo Toplu's ghost (adept AtWr)
 30326 | Swamp:2  | Noticed a tentacled monstrosity
 30484 | Swamp:2  | Noticed a fenstrider witch
 30494 | Swamp:2  | Killed a fenstrider witch
 30495 | Swamp:2  | Gained mutation: You are completely covered in thin
                  | metallic scales. (AC +4, rElec) [demonic ancestry]
 30495 | Swamp:2  | Reached XP level 16. HP: 90/131 MP: 10/18
 30633 | Swamp:2  | Mangled by an alligator

Illustrated notes

Levels and vault maps discovered:
D:1:      dpeg_arrival_renting, layout_basic, minmay_close_crescents
D:2:      layout_basic, kennysheep_generic_room_16, uniq_robin
D:3:      layout_basic, portal_sewer_entry_f, grunt_decor_mini_mirrors
D:4:      layout_gridville, nicolae_dithmenos_shadow_blocks, minitemple,
          serial_shops, nicolae_shop_stone
D:5:      minmay_diamond_boxcup, layout_basic, nicolae_qazlal_style_of_elements,
          mainiacjoe_overflow_24_doors, lemuel_blue_sif_altar, uniq_eustachio
D:6:      layout_cave_pools, kiku_gazebo_pond_becter, lemuel_doored_altar,
          hellmonk_no_cap, uniq_maggie, uniq_edmund
D:7:      layout_cave_pools, cheibriados_altar_1, temple_statues,
          kennysheep_nondescript
D:8:      layout_loops_ring, mainiacjoe_overflow_concentric_impassable,
          due_lair_maze_entry_diamond
D:9:      layout_gridville, mainiacjoe_overflow_boulevard, kennysheep_mini_moat,
          nicolae_ru_path_of_blood, nicolae_uskayaw_en_pointe, uniq_erica,
          uniq_psyche
D:10:     layout_rooms
D:11:     layout_basic, david_orc_3, serial_undead, serial_undead_d,
          serial_undead_f, serial_undead_b, serial_undead_b,
          nicolae_trove_entry_path_of_doom, corexii_hall_statues_l
D:12:     layout_rooms, serial_corexii_hall, chequers_hall_statues_wall_a,
          chequers_hall_statues_y, corexii_hall_statues_l, uniq_azrael
D:13:     layout_gridville, david_vaults_4
D:14:     layout_grid_maze, minmay_misc_feat_diagonals
D:15:     hangedman_depths_entry_try_elsewhere_first, layout_layer_cave,
          special_room [special_room_mythical_zoo],
          hangedman_abyss_or_decor_stabs, nicolae_elyvilon_peaceful_grove,
          uniq_jorgrun
Lair:1:   statuecave_lemuel, layout_loops_ring, gammafunk_ghost_icy,
          basic_altar, lemuel_fruit_fields
Lair:2:   layout_regular_city, minmay_snake_entry_guardpost_small, basic_altar
Lair:3:   layout_cellular_growth, swamp_mist_pool,
          chequers_serial_rivers_small_3, beast_lair_carwin_11,
          grunt_megastairs_5, lemuel_fruit_fields
Lair:4:   layout_small_grid
Lair:5:   evilmike_catoblepas_cave, layout_loops_ring, slime_entry_1
Swamp:1:  layout_basic_swamp, evilmike_swamp_ruin_house_3
Swamp:2:  layout_basic_swamp, gammafunk_ghost_split, nicolae_swamp_some_circles,
          nicolae_swamp_alligator_family, uniq_kirke
Snake:1:  gammafunk_sealed_arena, layout_gridlike,
          nicolae_snake_round_shape_thing, uniq_louise, uniq_rupert
Orc:1:    layout_caves, uniq_harold
Orc:2:    grunt_orc_gardens, layout_caves, grunt_orc_garden, grunt_orc_garden,
          grunt_orc_garden, grunt_orc_garden, uniq_erolcha

Skill      XL: |  1  2  3  4  5  6  7  8  9 10 11 12 13 14 15 |
---------------+----------------------------------------------+-----
Long Blades    | 3 |  3.5
Armour         | 1 2 3 4 5 6 8 9 10 11 12 | 12.2
Fighting       | 2 3 4 5 6 7 8 10 11 12 13 | 13.3
Dodging        | 2 |  2.7
Unarmed Combat | 1 2 3 5 6 7 9 11 13 16 17 18 | 18.7
Shields        | 2 4 5 6 8 9 10 11 | 11.6
Throwing       | 3 |  3.0
Invocations    | 3 |  3.0
Spellcasting   | |  1.0
Necromancy     | |  2.1

Action                     |  1- 3 |  4- 6 |  7- 9 | 10-12 | 13-15 | 16-18 || total
---------------------------+-------+-------+-------+-------+-------+-------++-------
  Melee: Falchion          |    99 |    15 |       |       |       |       ||   114
         Touch             |     8 |    31 |    11 |       |       |       ||    50
         Punch             |     1 |     1 |     3 |       |       |       ||     5
         Unarmed           |       |   125 |   354 |   772 |  1406 |    11 ||  2668
  Throw: Dart              |       |       |    70 |   161 |   198 |       ||   429
         Boomerang         |       |       |       |       |    62 |     5 ||    67
         Throwing net      |       |       |       |       |     1 |       ||     1
 Invoke: Heroism           |       |       |     2 |    11 |    15 |       ||    28
         Finesse           |       |       |       |       |     3 |       ||     3
  Evoke: Wand              |       |     2 |     4 |     7 |    12 |       ||    25
         Tin of tremorston |       |       |       |       |     6 |       ||     6
    Use: Scroll            |     7 |     1 |     9 |     5 |     6 |       ||    28
         Potion            |     1 |     3 |       |       |     2 |       ||     6
   Stab: Sleeping          |     2 |     1 |       |       |     1 |       ||     4
         Petrified         |       |       |       |       |    16 |       ||    16
 Armour: Robe              |     3 |       |       |       |       |       ||     3
         Ring mail         |    35 |    26 |       |       |       |       ||    61
         Skin              |       |     5 |       |       |       |       ||     5
         Plate armour      |       |     8 |    85 |       |       |       ||    93
         Scale mail        |       |       |    47 |       |       |       ||    47
         Swamp dragon scal |       |       |    10 |   363 |   529 |     6 ||   908
  Dodge: Dodged            |    45 |    78 |    74 |   267 |   471 |     3 ||   938
  Block: Other             |    15 |    21 |     7 |       |       |       ||    43
         Kite shield       |       |       |   190 |   712 |  1119 |    10 ||  2031

Table legend: (Time is in decaauts)
 A = Elapsed time spent in this place.
 B = Non-inter-level travel time spent in this place.
 C = Inter-level travel time spent in this place.
 D = Time resting spent in this place.
 E = Time spent auto-exploring this place.
 F = Levels seen in this place.
 G = Mean time per level.
                   A        B        C        D        E       F      G
               +--------+--------+--------+--------+--------+-----+--------+
         Total |  30527 |  28594 |   1933 |   1765 |  20650 |  26 | 1174.1 |
       Dungeon |  17268 |  15978 |   1290 |    599 |  11772 |  15 | 1151.2 |
          Lair |   7915 |   7418 |    497 |    591 |   5352 |   5 | 1583.0 |
         Swamp |   1757 |   1692 |     65 |    280 |   1157 |   2 |  878.5 |
     Snake Pit |    545 |    545 |      0 |    134 |    234 |   1 |  545.0 |
  Orcish Mines |   2046 |   1968 |     78 |    135 |   1436 |   2 | 1023.0 |
         Sewer |    993 |    993 |      0 |     25 |    697 |   1 |  993.0 |
               +--------+--------+--------+--------+--------+-----+--------+

Top non-repeatable levels by time:
    D:14: 2193 daAuts
  Lair:5: 2066 daAuts
    D:15: 1781 daAuts
  Lair:2: 1770 daAuts
    D:11: 1659 daAuts
  Lair:3: 1629 daAuts
   Orc:2: 1562 daAuts
  Lair:1: 1308 daAuts
    D:10: 1285 daAuts
 Swamp:1: 1277 daAuts
     D:5: 1160 daAuts
     D:9: 1151 daAuts
  Lair:4: 1141 daAuts
     D:3: 1099 daAuts
    D:12: 1087 daAuts
